Map: Dead of Night

Players

Shadow

  • Race: Zerg Zerg
  • Spawn Location: 0:00

NamroodTuo

  • Race: Zerg Zerg

VOD

Have the link to the VOD?

Description

Time

  • Played on: June 17, 2023, 1:19 p.m.
  • Length: 32:13
Show
View Real Time Build Order
Export as new Build Order

Shadow Zerg 

Build Orders:  

Get SALT Encoding   

  12  0:05  Drone  
  13  0:14  Drone  
  14  0:24  Overlord  
  14  0:57  Roach Warren  
  14  0:59  Drone  
  14  1:00  Drone x2  
  14  1:03  Drone  
  17  1:25  Overlord  
  17  1:28  Drone x2  
  19  1:30  Drone  
  19  1:34  Drone  
  21  1:48  Extractor  
  20  1:52  Extractor  
  20  1:55  Drone  
  20  1:56  Extractor, Drone x2  
  21  2:31  Drone x3  
  21  2:32  Drone  
  25  2:47  Evolution Chamber  
  24  3:09  Drone x4  
  28  3:25  Hatchery  
  27  3:34  Spine Crawler  
  26  3:47  Drone x2  
  26  3:48  Drone x2  
  30  3:50  Overlord  
  30  3:58  Hydriodic Bile  
  30  4:05  Lair  
  30  4:08  Zerg Missile Weapons Level 1  
  30  4:21  Overlord  
  30  4:55  Drone x5  
  30  4:56  Drone x5  
  40  5:08  Roach x2  
  44  5:30  Spine Crawler x2  
  44  5:34  Spine Crawler  
  44  5:38  Spine Crawler  
  40  5:49  Roach  
  40  6:01  Roach  
  40  6:23  Brutalisk  
  40  6:52  Roach x3  
  40  6:53  Roach x2  
  50  7:05  Spire  
  49  7:10  Nydus Network  
  49  7:12  Infestation Pit  
  49  7:13  Drone x3  
  49  7:14  Drone  
  49  7:15  Zerg Missile Weapons Level 2  
  51  7:21  Glial Reconstitution  
  51  7:50  Brutalisk  
  51  8:00  Overlord  
  51  8:01  Overlord  
  51  8:02  Overlord  
  51  8:05  Queen x2  
  51  8:09  Zerg Flyer Weapons Level 1  
  55  8:35  Queen  
  53  8:44  Mutalisk x4  
  53  8:49  Overlord x2  
  61  8:50  Overlord  
  63  9:11  Tunneling Claws  
  63  9:14  Roach  
  59  11:00  Bloated Bile Ducts  
  59  11:31  Swarm Host x2  
  59  11:32  Swarm Host  
  59  11:34  Swarm Host  
  59  11:35  Mutalisk x3  
  59  11:36  Mutalisk x3  
  83  11:40  Drone x2  
  85  11:58  Spore Crawler  
  84  12:00  Spore Crawler  
  84  12:02  Spore Crawler  
  84  12:05  Spore Crawler  
  84  12:06  Drone x3, Spore Crawler  
  84  12:07  Drone  
  84  12:13  Roach  
  84  12:35  Brutalisk  
  84  13:16  Drone x2  
  84  13:17  Drone x4  
  84  13:18  Drone x5  
  84  13:19  Drone x4  
  99  14:40  Overlord  
  99  14:41  Overlord x3  
  99  15:47  Mutalisk  
  95  16:05  Spine Crawler  
  95  16:06  Spine Crawler  
  95  16:07  Spine Crawler  
  95  16:09  Spine Crawler  
  91  16:11  Spine Crawler  
  91  16:12  Spine Crawler  
  91  16:15  Spine Crawler x2, Leviathan  
  85  16:20  Spore Crawler  
  80  16:45  Mutalisk  
  80  17:13  Leviathan  
  80  17:19  Spine Crawler  
  79  17:21  Spine Crawler  
  79  17:23  Spine Crawler  
  79  17:27  Spine Crawler  
  76  17:55  Hive  
  76  17:57  Zerg Flyer Weapons Level 2  
  76  18:02  Zerg Ground Armor Level 1  
  76  18:10  Roach  
  76  18:15  Swarm Host x4  
  76  18:16  Swarm Host x4  
  76  18:17  Swarm Host  
  76  18:18  Mutalisk x2  
  76  18:19  Mutalisk x5  
  117  18:20  Mutalisk x2  
  118  18:32  Brutalisk  
  115  20:09  Potent Bile  
  115  20:14  Roach  
  115  20:17  Mutalisk  
  115  20:26  Swarm Host  
  115  20:27  Swarm Host x4  
  130  20:30  Overlord x3  
  130  20:31  Overlord x5  
  130  20:32  Overlord x2  
  130  20:36  Brutalisk  
  130  20:45  Leviathan  
  130  21:07  Vicious Glave  
  130  22:13  Adaptive Plating  
  130  22:14  Zerg Missile Weapons Level 3  
  130  22:36  Zerg Flyer Weapons Level 3  
  128  23:08  Drone x4  
  128  23:09  Drone x4  
  135  23:24  Swarm Host x2  
  135  23:25  Swarm Host x3  
  150  24:38  Swarm Host x4  
  137  26:02  Mutalisk x2  
  137  26:03  Mutalisk x5  
  137  26:04  Mutalisk x2  
  149  27:38  Swarm Host x2  
  149  27:39  Swarm Host x4  
  165  27:51  Queen  
  165  27:52  Queen  
  165  28:21  Queen  
  165  28:22  Queen  
  169  30:10  Pressurized Glands  
Show
View Real Time Build Order
Export as new Build Order

NamroodTuo Zerg 

Build Orders:  

Get SALT Encoding   

  12  0:13  Infested SCV  
  12  0:16  Infested SCV  
  14  0:33  Infested Barracks  
  14  0:39  Infested SCV  
  15  0:49  Overlord  
  15  1:15  Infested SCV  
  16  1:23  Infested SCV  
  16  1:28  Infested SCV  
  18  1:34  Infestation Level 1  
  18  1:35  Infested SCV  
  18  1:38  Infested SCV  
  20  1:53  Infested Refinery  
  20  1:54  Infested SCV  
  21  2:10  Overlord  
  21  2:17  Infested Refinery  
  21  2:25  Infested SCV  
  22  2:41  Infested SCV  
  22  2:47  Infested Refinery  
  23  2:50  Infested Engineering Bay  
  23  2:56  Infested Barracks Tech Lab  
  23  3:02  Infested SCV  
  24  3:14  Overlord  
  24  3:43  Infested SCV  
  29  3:51  Infested Bunker  
  29  3:55  Infested Marine x4  
  33  4:00  Anaerobic Enhancement  
  33  4:12  Infested SCV  
  33  4:14  Infested SCV  
  33  4:18  Infested SCV  
  34  4:26  Infested Marine  
  34  4:27  Infested Marine  
  34  4:28  Infested Marine x2  
  34  4:29  Infested Marine x3  
  39  4:39  Overlord  
  37  4:59  Infested SCV  
  38  5:06  Overlord  
  37  5:10  Stukov Infantry Weapons Level 1  
  33  5:31  Infested SCV  
  34  5:41  Infested Bunker  
  38  6:01  Infested Missile Turret  
  38  6:03  Infested SCV  
  38  6:06  Infested SCV  
  40  6:20  Retinal Augmentation  
  40  6:24  Infested SCV  
  40  6:25  Infested SCV  
  42  6:41  Infested SCV  
  43  6:58  Infested SCV  
  44  7:09  Infested Factory  
  48  7:22  Infested SCV  
  48  7:28  Infested Bunker  
  49  7:31  Infested SCV  
  50  7:40  Infestation Level 2  
  50  7:42  Unknown  
  50  7:50  Stukov Infantry Armor Level 1  
  50  7:55  Plagued Munitions  
  50  7:58  Infested SCV  
  51  8:01  Infested SCV  
  52  8:32  Infested Armory  
  52  8:48  Overlord  
  52  8:49  Overlord  
  52  9:40  Broodling Gestation  
  52  9:54  Infested Bunker  
  60  10:25  Overlord, Aggressive Incubation  
  60  10:28  Infested SCV  
  61  10:30  Regenerative Plating  
  61  10:43  Infested Bunker  
  61  11:02  Overseer x3  
  61  11:03  Overseer x3  
  61  11:09  Infestation Level 3  
  61  11:27  Infested Factory Tech Lab  
  61  11:30  Stukov Infantry Weapons Level 2  
  61  11:32  Infested Missile Turret  
  61  11:43  Infested Bunker  
  65  11:53  Stukov Vehicle and Ship Weapons Level 1  
  65  11:56  Infested Siege Tank  
  65  11:57  Infested Siege Tank  
  71  12:01  Infested Missile Turret  
  71  12:57  Infested Siege Tank  
  71  12:58  Infested Siege Tank  
  77  13:02  Overlord x2  
  77  13:03  Overlord x3  
  68  14:33  Stukov Vehicle and Ship Armor Level 1  
  72  14:40  Calcified Armor  
  72  14:45  Infested Bunker  
  80  14:52  Infested Siege Tank x4  
  92  15:22  Infested SCV x2  
  94  15:34  Infested Bunker  
  94  15:40  Stukov Infantry Armor Level 2  
  94  16:23  Infested Bunker  
  94  16:46  Infested SCV  
  94  16:47  Infested SCV x3  
  98  17:08  Infested SCV x2  
  108  17:20  Infested Bunker  
  108  17:23  Infested Bunker  
  108  17:34  Infested Missile Turret  
  108  17:48  Overlord x2  
  108  18:01  Overlord  
  108  18:04  Infested Missile Turret  
  108  18:09  Stukov Vehicle and Ship Weapons Level 2  
  108  18:14  Overlord  
  108  18:27  Infested Bunker  
  108  18:29  Infested Bunker  
  116  18:32  Infested Missile Turret  
  116  18:35  Infested Siege Tank  
  116  18:38  Infested Bunker  
  114  18:50  Stukov Infantry Weapons Level 3  
  123  19:38  Infested Bunker  
  127  19:47  Infested Missile Turret  
  127  19:53  Infested Siege Tank x2  
  127  19:57  Overlord  
  127  19:58  Overlord x4  
  133  20:54  Infested Siege Tank  
  133  20:55  Infested Siege Tank x4  
  148  21:19  Stukov Vehicle and Ship Armor Level 2  
  148  21:41  Automated Mitosis  
  145  22:29  Stukov Infantry Armor Level 3  
  145  22:41  Acidic Enzymes  
  149  23:51  Infested Bunker  
  153  24:29  Stukov Vehicle and Ship Weapons Level 3  
  149  24:59  Overlord  
  149  25:00  Overlord x4  
  153  25:50  Infested Bunker  
  153  26:00  Infested Missile Turret  
  157  27:34  Infested Bunker  
  157  28:09  Stukov Vehicle and Ship Armor Level 3  
  157  28:40  Overseer x2  
  157  28:41  Overseer x5  
  157  28:42  Overseer x3  
  157  28:43  Overseer x2  
  157  28:47  Overlord x3  
  157  28:48  Overlord x2  
  157  28:51  Infested Siege Tank  
  157  28:52  Infested Siege Tank x4  
  172  30:58  Infested Missile Turret  
Tags
 
Commander
AbathurStukov
Matchup
Co-op
Replay Pack
Multiplayer
Add a new tag
Caveats
  • Supply blocks, unpowered buildings, or Contaminate may cause inaccurate times.
  • Supply counts are checked every 10 seconds.